 Dungeon Crawl Stone Soup version 0.25.1-9-gc5326a611f (webtiles) character file.

Game seed: 9995964974569932181

134 RETERIOR the Stinger (level 4, -1/33 HPs)
             Began as a Draconian Venom Mage on Jan 2, 2021.
             Was an Initiate of Sif Muna.
             Killed by divine providence
             ... invoked by an orc priest
              (12 damage)
             ... on level 3 of the Dungeon.
             The game lasted 00:10:59 (2529 turns).

RETERIOR the Stinger (Draconian Venom Mage)         Turns: 2529, Time: 00:10:59

Health: -1/33      AC:  5    Str: 11    XL:     4   Next: 95%
Magic:  1/8        EV: 12    Int: 22    God:    Sif Muna [......]
Gold:   170        SH:  0    Dex: 11    Spells: 8/9 levels left

rFire    . . .     SeeInvis .   m - +0 whip
rCold    . . .     Gourm    .   (no shield)
rNeg     . . .     Faith    .   (armour unavailable)
rPois    .         Spirit   .   (helmet restricted)
rElec    .         Reflect  .   (no cloak)
rCorr    .         Harm     .   (no gloves)
MR       .....                  (no boots)
Stlth    ++........             (no amulet)
HPRegen  0.11/turn              l - +6 ring of intelligence
MPRegen  0.11/turn              (no ring)

@: no status effects
A: unfitting armour, cold-blooded, AC +5
a: Renounce Religion


You were on level 3 of the Dungeon.
You worshipped Sif Muna.
Sif Muna was noncommittal.
You were hungry.

You visited 1 branch of the dungeon, and saw 3 of its levels.

You collected 170 gold pieces.

Inventory:

Hand Weapons
 d - a +0 club
 h - a +2 dagger of venom
 m - a +0 whip (weapon)
Missiles
 i - 64 bolts
Armour
 f - a +0 robe
Jewellery
 l - a +6 ring of intelligence (left hand)
Wands
 n - a wand of flame (8)
Scrolls
 a - 2 scrolls of identify
 c - a scroll of amnesia
 k - a scroll of teleportation
Potions
 e - 2 potions of brilliance {unknown}
 g - a potion of heal wounds {unknown}
 j - 4 potions of curing {unknown}
Comestibles
 b - 4 rations


   Skills:
 + Level 0.1 Fighting
 + Level 2.1 Dodging
 + Level 2.0 Stealth
 + Level 3.2 Spellcasting
 + Level 2.0 Transmutations
 + Level 4.2 Poison Magic


You had 8 spell levels left.
You knew the following spells:

 Your Spells              Type           Power        Failure   Level  Hunger
a - Sting                 Tmut/Pois      ###.         3%          1    None

Your spell library contained the following spells:

 Spells                   Type           Power        Failure   Level  Hunger
 Poisonous Vapours        Pois/Air       ##....       8%          2    ##.....
 Ignite Poison            Fire/Tmut/Pois ##......     16%         3    ###....
 Mephitic Cloud           Conj/Pois/Air  #.......     21%         3    ###....
 Olgreb's Toxic Radiance  Pois           ###.....     22%         4    ####...


Dungeon Overview and Level Annotations

Branches:
Dungeon (3/15)

Altars:
Dithmenos
Sif Muna


Innate Abilities, Weirdness & Mutations

Your plain brown scales are hard. (AC +5)
You cannot fit into any form of body armour.
You are cold-blooded and may be slowed by cold attacks.


Message History

Aiming: Sting (safe; 3% risk of failure)
Press: ? - help, Shift-Dir - straight line, f - orc priest
Aim: an orc priest The sting hits the orc priest.
The orc priest is poisoned.
The orc priest is moderately wounded.
Casting: Sting (safe; 3% risk of failure)
Confirm with . or Enter, or press ? or * to list all spells.
Aiming: Sting (safe; 3% risk of failure)
Press: ? - help, Shift-Dir - straight line, f/p - orc priest
Aim: an orc priest (moderately wounded, poisoned)
The sting hits the orc priest.
The orc priest looks even sicker.
The orc priest is heavily wounded.
You closely miss the orc priest.
The orc priest is heavily wounded.
The orc priest barely misses you.
The orc priest calls down the wrath of Beogh upon you.
Pain shoots through your body!
The orc priest invokes the aid of Beogh against you.
Beogh smites you!
You die...

.......... ..#
##.####<.. #.#
#.#. # #.#
#...#. ##.# #.
#r# #.#### ..#
#.# #.# #.. #.
## #.##
..###.####...
. #.#.
##.####.#.
#.##oo........
#...
#.#.......
#.@..# .. ##.#
##.#
#.#.###.####
#. #.#
#.##†..## #. §
##.####.##.###
..
#§#..........#
#.
.§...###..####
#. #.##.###.##
#. §#........#
# #..#####..#
.


You could see an orc priest (very poisoned) and an orc.

Vanquished Creatures
  Jessica (D:2)
  4 adders (D:2)
  3 dart slugs (D:1)
  A leopard gecko (D:1)
  3 orcs
  3 giant cockroaches
  8 goblins
  10 hobgoblins
  11 kobolds
  A ball python (D:1)
  5 bats
  2 frilled lizards (D:3)
  10 rats
62 creatures vanquished.

Notes
Turn   | Place    | Note
-------+----------+-------------------------------------------
     0 | D:1      | RETERIOR the Draconian Venom Mage began the quest for the
                  | Orb.
     0 | D:1      | Reached XP level 1. HP: 14/14 MP: 3/3
   190 | D:1      | Reached XP level 2. HP: 20/20 MP: 3/5
   734 | D:1      | Reached XP level 3. HP: 26/26 MP: 3/6
  1168 | D:2      | Reached XP level 4. HP: 32/33 MP: 5/8
  1555 | D:2      | Noticed Jessica
  1563 | D:2      | Killed Jessica
  1563 | D:2      | Reached skill level 4 in Poison Magic
  1718 | D:2      | Found a shimmering blue altar of Sif Muna.
  1726 | D:2      | Became a worshipper of Sif Muna the Loreminder
  2495 | D:3      | Found a shadowy altar of Dithmenos.
  2529 | D:3      | Killed from afar by an orc priest

Illustrated notes

Levels and vault maps discovered:
D:1:      evilmike_arrival_hilbert_curve, layout_loops_ring, minmay_unequal
D:2:      layout_basic, first_ration, led_sif_pool, uniq_jessica
D:3:      layout_loops_ring, grunt_dithmenos_smoke_and_mirrors

Skill      XL: |  1  2  3  4 |
---------------+-------------+-----
Dodging        | 2 |  2.1
Stealth        | 2 |  2.0
Spellcasting   | 3 |  3.2
Poison Magic   | 4 |  4.2
Transmutations | 2 |  2.0
Fighting       | |  0.1

Action                   |  1- 3 |  4- 6 || total
-------------------------+-------+-------++-------
Melee: Club              |    15 |       ||    15
       Unarmed           |     3 |       ||     3
       Tailslap          |     3 |       ||     3
       Whip              |    12 |    17 ||    29
 Cast: Sting             |    47 |    49 ||    96
  Use: Scroll            |       |     4 ||     4
  Eat: Chunk             |     1 |     4 ||     5
Armor: Skin              |    18 |     6 ||    24
Dodge: Dodged            |    37 |    24 ||    61
